 Dungeon Crawl Stone Soup version 0.28.0-43-g3370ac3207 (webtiles) character file.

Game seed: 6341417138457108592

271 smarlow the Covered (level 6, -1/56 HPs)
             Began as a Minotaur Fighter on Mar 3, 2022.
             Succumbed to a scorpion's poison
             ... on level 6 of the Dungeon.
             The game lasted 00:03:21 (3882 turns).

smarlow the Covered (Minotaur Fighter)              Turns: 3882, Time: 00:03:22

Health: -1/56      AC: 10    Str: 20 (23) XL:     6   Next: 2%
Magic:  5/5        EV:  9    Int:  3 (5)  God:
Gold:   99         SH:  4    Dex:  8 (9)  Spells: 5/5 levels left

rFire   . . .      SeeInvis .   a - +0 war axe
rCold   . . .      Faith    +   c - +0 buckler
rNeg    . . .      Spirit   .   b - +0 scale mail
rPois   .          Reflect  .   (helmet restricted)
rElec   .          Harm     .   j - +2 cloak
rCorr   .          Rampage  .   (no gloves)
Will    .....                   (no boots)
Stlth   ..........              g - amulet of faith
HPRegen 0.18/turn               (no ring)
MPRegen 0.09/turn               (no ring)

@: lethally poisoned (-1 -> -12), hasted, very quick
A: horns 2, retaliatory headbutt
a: no special abilities


You were on level 6 of the Dungeon.
You visited 1 branch of the dungeon, and saw 5 of its levels.

You collected 99 gold pieces.

Inventory:

Hand Weapons
 a - a +0 war axe (weapon)
Armour
 b - a +0 scale mail (worn)
 c - a +0 buckler (worn)
 j - a +2 cloak (worn)
Jewellery
 g - an amulet of faith (around neck)
Wands
 h - a wand of acid (10)
Scrolls
 d - a scroll of silence {unknown}
Potions
 e - a potion of haste
 i - a potion of brilliance {unknown}


   Skills:
 + Level 5.1 Fighting
 + Level 4.3 Axes
 + Level 5.1 Armour
 + Level 5.1 Shields


You had 5 spell levels left.
You didn't know any spells.
Your spell library contained the following spells:

 Spells                   Type           Power      Damage    Failure   Level
 Apportation              Tloc           0%         N/A       91%         1
 Ozocubu's Armour         Ice            0%         N/A       99%         3
 Alistair's Intoxication  Tmut/Pois      0%         N/A       100%        5
 Metabolic Englaciation   Hex/Ice        0%         N/A       100%        5
 Simulacrum               Ice/Necr       0%         N/A       100%        6


Dungeon Overview and Level Annotations

Branches:
Dungeon (4/15)
 Temple: D:4-7

Altars:
Gozag

Shops:
D:1 [


Innate Abilities, Weirdness & Mutations

You have a pair of horns on your head.
You reflexively headbutt those who attack you in melee.


Message History

The orc shouts! x2
You see here a +0 club.
A sourceless malevolence fills the Dungeon...
You fall into a shaft and drop 2 floors!
The shaft crumbles and collapses.
A scorpion comes into view.
You closely miss the scorpion. The scorpion stings you!
You are poisoned.
The scorpion poisons you! You block the scorpion's attack.
You barely miss the scorpion.
You feel very sick. The scorpion stings you.
You are more poisoned.
The scorpion poisons you!
You hit the scorpion but do no damage.
You feel very sick. The scorpion stings you! The scorpion stings you.
You are lethally poisoned!
The scorpion poisons you!
You are too injured to fight recklessly!
You are too injured to fight recklessly!
You hit the scorpion but do no damage. Your headbutt misses the scorpion.
You feel extremely sick. The scorpion barely misses you.
You slash the scorpion!
You headbutt the scorpion, but do no damage.
The scorpion is almost dead.
* * * LOW HITPOINT WARNING * * *
You feel very sick. You block the scorpion's attack. The scorpion stings you.
* * * LOW HITPOINT WARNING * * *
It was a potion of haste.
You feel yourself speed up.
* * * LOW HITPOINT WARNING * * *
You feel very sick. The scorpion stings you!
* * * LOW HITPOINT WARNING * * *
It was a potion of degeneration.
There was something very wrong with that liquid.
You feel weakened.
You feel dopey.
You feel clumsy.
You die...

... ...
... .
#.# .#
#.# ..
#.# #.
#s#
#.#@#
#...###
###...#
#...#
#####


You could see a scorpion.

Vanquished Creatures
  A jelly (D:4)
  Terence (D:3)
  2 orc wizards (D:3)
  A hound skeleton (D:4)
  6 adders
  4 gnolls (D:4)
  A worm (D:2)
  A dart slug (D:1)
  2 orcs (D:3)
  3 endoplasms
  4 hobgoblins
  10 jackals
  3 quokkas (D:1)
  6 ball pythons
  2 bats (D:1)
  3 frilled lizards
  4 goblins
  3 kobolds
  7 rats
  A bush (D:3)
65 creatures vanquished.

Vanquished Creatures (others)
  3 fungi (D:4)
  3 plants (D:4)
6 creatures vanquished.

Grand Total: 71 creatures vanquished

Notes
Turn   | Place    | Note
-------+----------+-------------------------------------------
     0 | D:1      | smarlow the Minotaur Fighter began the quest for the Orb.
     0 | D:1      | Reached XP level 1. HP: 19/19 MP: 0/0
     5 | D:1      | Noticed an anaconda
   138 | D:1      | Reached XP level 2. HP: 27/27 MP: 1/1
   142 | D:1      | Found Oconuu's Antique Armour Emporium.
   849 | D:1      | Reached XP level 3. HP: 28/33 MP: 2/2
  1012 | D:1      | Noticed an anaconda
  1162 | D:2      | Found a faded altar of an unknown god.
  1860 | D:3      | Reached XP level 4. HP: 34/41 MP: 3/3
  2116 | D:3      | Reached XP level 5. HP: 34/47 MP: 4/4
  2454 | D:3      | Noticed Terence
  2480 | D:3      | Killed Terence
  3681 | D:4      | Found an opulent altar of Gozag.
  3685 | D:4      | Reached skill level 5 in Fighting
  3685 | D:4      | Reached skill level 5 in Armour
  3687 | D:4      | Reached skill level 5 in Shields
  3741 | D:4      | Reached XP level 6. HP: 37/56 MP: 5/5
  3872 | D:4      | You fall into a shaft and drop 2 floors!
  3881 | D:6      | HP: 1/56 [scorpion (7)]
  3882 | D:6      | Succumbed to a scorpion's poison

Illustrated notes

Levels and vault maps discovered:
D:1:      sevenhm_arrival_forest_fort_small_2, layout_basic, serial_shops,
          nicolae_shop_advertising_works [nicolae_subvault_shop_adworks],
          hangedman_decor_points, minmay_misc_feat_nine_boxes
D:2:      layout_basic, dreamdust_ecumenical_altar_statues, bh_walls_and_bars
D:3:      layout_basic, minmay_hedge_maze, uniq_terence
D:4:      layout_loops_ring, mainiacjoe_overflow_brackets, fedhas_altar_3,
          serial_shops, shop, uniq_blork_the_orc
D:6:      layout_rooms, kennysheep_path_1

Skill      XL: |  1  2  3  4  5 |
---------------+----------------+-----
Armour         | 4 5 |  5.1
Fighting       | 4 5 |  5.1
Shields        | 4 5 |  5.1
Axes           | 3 4 |  4.3

Action                   |  1- 3 |  4- 6 || total
-------------------------+-------+-------++-------
Melee: War axe           |    85 |   112 ||   197
       Headbutt          |     6 |    23 ||    29
  Use: Potion            |       |     3 ||     3
Armor: Scale mail        |    41 |    23 ||    64
Dodge: Dodged            |    43 |    37 ||    80
Block: Buckler           |    21 |    15 ||    36
